 Dungeon Crawl Stone Soup version 0.21.1-1-g345015f (webtiles) character file.

44 Skripe the Cudgeler (level 3, -2/36 HPs)
             Began as a Troll Berserker on Mar 22, 2018.
             Was a Believer of Trog.
             Slain by a gnoll
             ... wielding a +0 spear
              (5 damage)
             ... on level 2 of the Dungeon.
             The game lasted 00:16:40 (1584 turns).

Skripe the Cudgeler (Troll Berserker)               Turns: 1584, Time: 00:16:41

Health: -2/36      AC:  5    Str: 26    XL:     3   Next: 41%
Magic:  2/2        EV:  7    Int:  3    God:    Trog [**....]
Gold:   52         SH:  9    Dex:  9    Spells: 2/2 levels left

rFire    . . .     SeeInvis .   a - +0 mace
rCold    . . .     Gourm    +   n - +2 shield
rNeg     . . .     Faith    .   b - +0 animal skin
rPois    .         Spirit   .   (helmet restricted)
rElec    .         Reflect  .   (no cloak)
rCorr    .         Harm     .   (gloves unavailable)
MR       .....                  (boots unavailable)
Stlth    +.........             (no amulet)
HPRegen  0.52/turn              (no ring)
MPRegen  0.08/turn              (no ring)

@: no status effects
A: large, unfitting armour, claws 3, fast metabolism 3, gourmand, regeneration
1, shaggy fur 1, tough skin 2
a: Berserk, Trog's Hand, Burn Spellbooks, Renounce Religion


You were on level 2 of the Dungeon.
You worshipped Trog.
Trog was pleased with you.
You were hungry.

You visited 1 branch of the dungeon, and saw 2 of its levels.

You collected 52 gold pieces.

Inventory:

Hand Weapons
 a - a +0 mace (weapon)
 g - a +0 club
 h - a +0 mace
 o - a +1 hand axe of chopping
Missiles
 i - 13 stones (quivered)
 k - 25 bolts
 l - a throwing net
Armour
 b - a +0 animal skin (worn)
 e - a +2 scale mail of poison resistance
 f - a cursed +0 ring mail
 n - a +2 shield (worn)
 r - a +0 ring mail
Jewellery
 d - an uncursed ring of wizardry {unknown}
Wands
 q - a wand of polymorph (13)
Scrolls
 m - a scroll of magic mapping {unknown}
 p - a scroll of immolation {unknown}
 s - a scroll of random uselessness {unknown}
Potions
 j - a potion of agility {unknown}
Comestibles
 c - 3 rations


   Skills:
 + Level 2.8 Fighting
 + Level 3.2 Maces & Flails
 + Level 2.9 Dodging


You had 2 spell levels left.
You didn't know any spells.

Dungeon Overview and Level Annotations

Branches:
Dungeon (2/15)

Altars:


Innate Abilities, Weirdness & Mutations

You are too large for most types of armour.
You have claws for hands.
Your metabolism is lightning-fast.
You like to eat raw meat.
Your natural rate of healing is unusually fast.
You are covered in fur. (AC +1)
You have very tough skin. (AC +2)


Message History

Throwing (i - inventory. (,) - cycle):
i - 15 stones (quivered)
Press: ? - help, Shift-Dir - straight line, f/p - gnoll
Aim: a gnoll, wielding an enchanted halberd You throw a stone.
The stone hits the gnoll but does no damage.
The gnoll completely misses you.
Throwing (i - inventory. (,) - cycle):
i - 14 stones (quivered)
Press: ? - help, Shift-Dir - straight line, f/p - gnoll
Aim: a gnoll, wielding an enchanted halberd You throw a stone.
The stone hits the gnoll but does no damage.
The gnoll barely misses you.
The gnoll hits you from afar with a spear.
The gnoll closely misses you.
You barely miss the gnoll.
The gnoll hits you with an enchanted halberd!
* * * LOW HITPOINT WARNING * * *
You block the gnoll's attack.
The gnoll hits you from afar with a spear.
You die... #.# ##+##(# .....# ...(# ...# gg#

#g# #@# #.#
#.# #.# #.#
###'########
#..........#
#..........#
#..........#


You could see 3 gnolls.

Vanquished Creatures
  An adder (D:2)
  2 adder zombies (D:1)
  2 dart slugs
  3 bats
  A giant cockroach (D:2)
  2 goblins (D:1)
  3 hobgoblins (D:1)
  2 kobolds
  4 frilled lizards (D:1)
  6 rats
26 creatures vanquished.

Notes
Turn   | Place    | Note
-------+----------+-------------------------------------------
     0 | D:1      | Skripe the Troll Berserker began the quest for the Orb.
     0 | D:1      | Reached XP level 1. HP: 22/22 MP: 0/0
    29 | D:1      | Reached XP level 2. HP: 29/29 MP: 1/1
   224 | D:1      | Reached skill level 3 in Maces & Flails
  1187 | D:1      | Reached XP level 3. HP: 34/36 MP: 2/2
  1435 | D:2      | Reached ** piety under Trog
  1584 | D:2      | Slain by a gnoll

Skill      XL: |  1  2 |
---------------+-------+-----
Maces & Flails | 3 |  3.2
Fighting       | |  2.8
Dodging        | |  2.9

Action                   || total
-------------------------++-------
Melee: Mace              ||   129
Throw: Stone             ||     6
Invok: Berserk           ||     1
  Eat: Ration            ||     3
       Chunk             ||     2
Armor: Animal skin       ||    91
Dodge: Dodged            ||   106
Block: Shield            ||    20
